AoeStats
← jhonskull87

MegaRandom

509119440Analyzed
4v4 RM · 8d ago on Sep 25, 2026· 31m 35s· 8 players
Game mode
Random Map
Map size
Large (8 player)
Population
200
Speed
Normal
Resources
Standard
Victory
Conquest
Starting age
Dark Age
Ending age
Imperial Age
RankedLock teamsTeams togetherTeam positionsShared explorationLock speedFull tech treeHidden civsTurbo modeCheats
Victory
Defeat
🇹🇭 Vietnamese · Thailand
761
+14
🇨🇳 Varangians · China
758
+14
🇲🇽 Persians · Mexico
671
+17
🇫🇷 Lithuanians · France
595
+19
🇭🇰 Saxons · Hong Kong SAR China
699
-16
🇻🇳 Spanish · Vietnam
682
-15
🇰🇷 Danes · South Korea
652
-14
Tie
francohk
3:41 Loom
tuck205
我是厨子不是愚公,只会做饭不会易大山
3:22 Loom
16:09 Feudal Age
17:32 Wheelbarrow
16:51 Double-Bit Axe
16:59 Horse Collar
19:04 Stone Mining
jhonskull87
19:12 Feudal Age
17:29 Loom
21:54 Double-Bit Axe
25:38 Scale Barding Armor
25:45 Forging
25:25 Fletching
25:36 Padded Archer Armor
28:01 Horse Collar
28:59 Wheelbarrow
32:10 Scale Mail Armor
Misaka Mikoto
10:13 Feudal Age
15:05 Castle Age
13:59 Double-Bit Axe
15:18 Forging
15:13 Scale Barding Armor
15:11 Scale Mail Armor
15:07 Town Watch
15:44 Horse Collar
18:14 Wheelbarrow
19:10 Stone Mining
20:03 Gold Mining
20:07 Loom
21:33 Scale Barding Armor
22:04 Iron Casting
21:46 Chain Mail Armor
22:06 Iron Casting
22:54 Iron Casting
22:56 Squires
22:41 Arson
24:19 Bow Saw
25:41 Heavy Plow
31:40 Imperial Age
31:49 Treadmill Crane
32:30 Ballistics
Shirai Kuroko
19:33 Feudal Age
17:58 Loom
20:22 Town Watch
21:12 Wheelbarrow
21:03 Double-Bit Axe
21:03 Horse Collar
25:37 Castle Age
26:40 Arson
26:56 Squires
29:06 Heavy Plow
29:20 Bow Saw
29:02 Stone Mining
29:03 Gold Mining
*****_predator
10:58 Feudal Age
11:26 Double-Bit Axe
11:39 Stone Mining
13:23 Wheelbarrow
12:34 Town Watch
13:26 Man-at-Arms
16:27 Horse Collar
17:02 Gold Mining
18:23 Scale Mail Armor
24:39 Castle Age
23:32 Forging
23:28 Scale Barding Armor
25:56 Heavy Plow
27:01 Stone Shaft Mining
27:00 Bow Saw
27:27 Long Swordsman
Connection lost

Rejoining the realm…

Still unreachable

The connection could not be restored.

Session expired

The server has moved on; the page needs a fresh start.